 Dungeon Crawl Stone Soup version 0.21.0 (webtiles) character file.

9420 MovingMist the Fighter (level 11, -18/72 HPs)
             Began as a Gargoyle Fighter on Jan 7, 2018.
             Was a High Priest of Okawaru.
             Killed from afar by a gargoyle (25 damage)
             ... with a stone arrow
             ... on level 11 of the Dungeon.
             The game lasted 00:25:31 (8227 turns).

MovingMist the Fighter (Gargoyle Fighter)           Turns: 8227, Time: 00:25:32

Health: -18/72     AC: 22    Str: 20    XL:     11   Next: 46%
Magic:  15/20      EV:  6    Int:  9    God:    Okawaru [*****.]
Gold:   848        SH:  9    Dex: 12    Spells: 14/22 levels left

rFire    . . .     SeeInvis .   E - +7 spear of Division {venom, Fragile MR++}
rCold    . . .     Gourm    .   c - +0 shield
rNeg     + . .     Faith    .   A - +0 plate armour
rPois    ∞         Spirit   .   m - +0 helmet
rElec    +         Reflect  .   b - +0 cloak
rCorr    .         Harm     .   (no gloves)
MR       +++..                  (no boots)
Stlth    ..........             (no amulet)
HPRegen  0.22/turn              M - ring of protection from magic
MPRegen  0.17/turn              (no ring)

@: no status effects
A: negative energy resistance 1, electricity resistance, unbreathing,
petrification resistance, rot immunity, AC +8
a: Heroism, Finesse, Renounce Religion


You were on level 11 of the Dungeon.
You worshipped Okawaru.
Okawaru was extremely pleased with you.
You were hungry.

You visited 2 branches of the dungeon, and saw 13 of its levels.
You also visited: Ossuary.

You collected 848 gold pieces.

Inventory:

Hand Weapons
 a - a +0 war axe
 E - the +7 spear of Division (weapon) {venom, Fragile MR++}
   (You found it on level 6 of the Dungeon)

   It poisons the flesh of those it strikes.
   It affects your resistance to hostile enchantments.
   It will be destroyed if unequipped.
Armour
 b - a +0 cloak (worn)
 c - a +0 shield (worn)
 m - a +0 helmet (worn)
 A - a +0 plate armour (worn)
 D - the +1 robe of Dim Light {rF+}
   (You found it on level 5 of the Dungeon)

   It protects you from fire.
 L - a +1 helmet
Jewellery
 M - a ring of protection from magic (left hand)
Wands
 F - a wand of iceblast (20)
 G - a wand of digging (20)
 I - a wand of random effects (76)
 Q - a wand of paralysis (1)
 R - a wand of disintegration (3)
Scrolls
 e - a scroll of remove curse
 j - a scroll of magic mapping {unknown}
 k - a scroll of immolation {unknown}
 l - 2 scrolls of random uselessness {unknown}
 p - a scroll of enchant weapon {unknown}
 q - 3 scrolls of teleportation {unknown}
 r - 2 scrolls of enchant armour {unknown}
 s - a scroll of amnesia {unknown}
 u - 2 scrolls of fog {unknown}
 w - 2 scrolls of torment {unknown}
 z - 2 scrolls of fear {unknown}
 B - a scroll of noise {unknown}
 K - a scroll of acquirement {unknown}
Potions
 d - 3 potions of might
 g - 4 potions of curing
 h - 2 potions of berserk rage {unknown}
 i - 4 potions of invisibility {unknown}
 n - 5 potions of lignification {unknown}
 o - 3 potions of flight {unknown}
 t - 2 potions of resistance {unknown}
 v - 2 potions of cancellation {unknown}
 x - 2 potions of agility {unknown}
 C - 2 potions of mutation {unknown}
 J - a potion of magic {unknown}
 O - 2 potions of degeneration {unknown}
 P - a potion of haste {unknown}
Comestibles
 f - 18 rations


   Skills:
 + Level 10.2 Fighting
 - Level 4.8(6.4) Axes
 + Level 6.6(7.3) Polearms
 - Level 5.1 Armour
 + Level 7.3 Dodging
 - Level 3.2 Shields
 - Level 6.2 Spellcasting
 + Level 3.2 Necromancy


You had 14 spell levels left.
You knew the following spells:

 Your Spells              Type           Power        Failure   Level  Hunger
a - Confuse               Hex            #.......     100%        3    ###....
b - Regeneration          Chrm/Necr      #.........   100%        3    ###....
c - Passwall              Tmut/Erth      #.........   100%        2    ##.....


Dungeon Overview and Level Annotations

Branches:
Dungeon (12/15)            Temple (1/1) D:7
   Lair: D:8-11         Orc: D:9-12

Altars:
Ashenzari
Cheibriados
Dithmenos
Elyvilon
Fedhas
Gozag
Hepliaklqana
Kikubaaqudgha
Makhleb
Nemelex Xobeh
Okawaru
Qazlal
Ru
Sif Muna
Trog
Uskayaw
Vehumet
Wu Jian
Xom
Yredelemnul
Zin
The Shining One

Annotations:
D:11 AdmiralAndromeda's ghost, journeyman DrTm; Inarius's ghost, journeyman DrIE


Innate Abilities, Weirdness & Mutations

You are resistant to torment.
Your stone body is resilient. (AC +8)
You are immune to poison.
You resist negative energy. (rN+)
You are resistant to electric shocks. (rElec)
You can survive without breathing.
You are immune to petrification.
You are immune to rotting.


Message History

You block Inarius's ghost's attack.
You hit AdmiralAndromeda's ghost but do no damage.
AdmiralAndromeda's ghost is moderately damaged.
You block the orc's attack.
AdmiralAndromeda's ghost closely misses you.
You block the gargoyle's attack.
You feel like a meek peon again.
The gargoyle hits you but does no damage.
You puncture Inarius's ghost!
Inarius's ghost is lightly damaged.
Your hands slow down.
You hit Inarius's ghost but do no damage.
Inarius's ghost is lightly damaged.
You block the gargoyle's attack.
Inarius's ghost hits you but does no damage.
Space warps horribly around you!
* * * LOW HITPOINT WARNING * * *
The gargoyle hurls a stone arrow at you.
The stone arrow hits you!
You die...

##.# ###### ####...
##...####### .....#.
###...###...## #.###...
###...###....## ........
##.....##WY#.)##..#....Y
#...#...#oY##..#..#####.
...###..9.###..#..# #)
...###.@W.###..#..# #.
...###...####..#..## #W
# #########......# #W
##$..#.# #. ##..#.# #Y
#..#.# #. ##.#.####)
#.#....W. #....Y...


You could see a gargoyle, 2 ice beasts, AdmiralAndromeda's ghost, Inarius's
ghost and an orc.

Vanquished Creatures
  Harold (D:10)
  2 two-headed ogres
  2 ugly things
  Joseph (D:9)
  Maurice (D:9)
  A komodo dragon (D:8)
  2 hippogriffs
  6 yaks (D:10)
  A wyvern (D:6)
  Grum (D:8)
  2 orc warriors
  5 sky beasts
  2 black bears
  4 ogres
  3 wolves (D:8)
  2 phantoms
  A centaur (D:10)
  A crocodile (D:7)
  A big kobold (D:9)
  8 bullfrogs
  2 scorpions
  3 killer bees (D:8)
  2 electric eels (D:9)
  A centaur zombie (D:7)
  7 crimson imps
  2 jellies (D:5)
  A quasit (D:12)
  2 centaur skeletons
  3 hounds
  5 orc priests
  6 orc wizards
  5 iguanas
  7 worker ants
  A big kobold zombie (Ossuary)
  9 mummies
  Robin (D:4)
  10 adders
  An ooze (D:4)
  An adder zombie (D:5)
  3 adder skeletons
  A worm (D:3)
  2 dart slugs
  8 leopard geckos
  36 orcs
  6 bats
  4 giant cockroaches
  20 goblins
  15 hobgoblins
  6 jackals
  12 kobolds
  5 quokkas
  5 ball pythons
  3 frilled lizards
  A giant cockroach zombie (D:5)
  A goblin zombie (D:4)
  2 hobgoblin zombies (Ossuary)
  3 kobold zombies
  3 orc zombies (Ossuary)
  A quokka zombie (D:6)
  5 rats
258 creatures vanquished.

Notes
Turn   | Place    | Note
-------+----------+-------------------------------------------
     0 | D:1      | MovingMist the Gargoyle Fighter began the quest for the Orb.
     0 | D:1      | Reached XP level 1. HP: 14/14 MP: 1/1
   146 | D:1      | Reached XP level 2. HP: 18/19 MP: 2/2
   571 | D:2      | Reached XP level 3. HP: 22/23 MP: 3/3
   673 | D:2      | Reached skill level 1 in Dodging
   844 | D:2      | Reached skill level 4 in Fighting
   844 | D:2      | Reached XP level 4. HP: 27/29 MP: 4/4
   973 | D:3      | Reached XP level 5. HP: 33/33 MP: 5/5
  1645 | D:4      | Reached XP level 6. HP: 29/39 MP: 6/6
  1695 | D:4      | Found a sand-covered staircase.
  1702 | Ossuary  | Entered an ossuary
  2189 | D:4      | Reached skill level 5 in Fighting
  2347 | D:4      | Reached skill level 5 in Armour
  2347 | D:4      | Reached XP level 7. HP: 39/44 MP: 7/7
  2487 | D:4      | Found a burning altar of Makhleb.
  2523 | D:4      | Learned a level 3 spell: Confuse
  2600 | D:4      | Noticed Robin
  2607 | D:4      | Killed Robin
  2638 | D:5      | Entered Level 5 of the Dungeon
  3056 | D:5      | Reached skill level 1 in Spellcasting
  3474 | D:5      | Reached XP level 8. HP: 46/51 MP: 9/11
  3699 | D:5      | Got a distressingly furry robe
  3701 | D:5      | Identified the +1 robe of Dim Light {rF+} (You found it on level 5 of the Dungeon)
  3741 | D:6      | Reached skill level 6 in Fighting
  3786 | D:6      | Noticed a wyvern
  3793 | D:6      | Killed a wyvern
  3819 | D:6      | Got a fine spear
  3822 | D:6      | Identified the +7 spear of Division {venom, Fragile MR++} (You found it on level 6 of the Dungeon)
  4096 | D:6      | Reached skill level 1 in Polearms
  4574 | D:7      | Reached XP level 9. HP: 54/56 MP: 14/14
  4616 | D:7      | Found a staircase to the Ecumenical Temple.
  4625 | Temple   | Entered the Ecumenical Temple
  4667 | Temple   | Became a worshipper of Warmaster Okawaru
  5195 | D:8      | Noticed Grum
  5204 | D:8      | Reached skill level 7 in Fighting
  5214 | D:8      | Killed Grum
  5400 | D:8      | Reached skill level 5 in Dodging
  5471 | D:8      | Reached * piety under Okawaru
  5532 | D:8      | Noticed a komodo dragon
  5544 | D:8      | Killed a komodo dragon
  5612 | D:8      | Reached skill level 8 in Fighting
  5815 | D:8      | Reached skill level 5 in Spellcasting
  5906 | D:8      | Reached XP level 10. HP: 50/64 MP: 17/17
  6219 | D:9      | Found a sparkling altar of Nemelex Xobeh.
  6273 | D:9      | Reached ** piety under Okawaru
  6362 | D:9      | Learned a level 3 spell: Regeneration
  6418 | D:9      | Noticed a two-headed ogre
  6439 | D:9      | Killed a two-headed ogre
  6439 | D:9      | Reached skill level 5 in Polearms
  6474 | D:9      | Noticed Maurice
  6485 | D:9      | Noticed Joseph
  6505 | D:9      | Killed Maurice
  6505 | D:9      | Reached skill level 9 in Fighting
  6517 | D:9      | Killed Joseph
  6517 | D:9      | Reached *** piety under Okawaru
  6781 | D:10     | Entered Level 10 of the Dungeon
  7049 | D:10     | Learned a level 2 spell: Passwall
  7095 | D:10     | Noticed Harold
  7121 | D:10     | Killed Harold
  7121 | D:10     | Reached skill level 1 in Necromancy
  7121 | D:10     | Reached XP level 11. HP: 47/71 MP: 20/20
  7234 | D:10     | Reached **** piety under Okawaru
  7298 | D:10     | Noticed a two-headed ogre
  7313 | D:10     | Killed a two-headed ogre
  7321 | D:10     | Reached skill level 10 in Fighting
  7814 | D:11     | Noticed a brown ugly thing
  7838 | D:11     | Killed a brown ugly thing
  7838 | D:11     | Reached ***** piety under Okawaru
  7866 | D:11     | Noticed Inarius's ghost (journeyman DrIE)
  7973 | D:12     | Noticed a green ugly thing
  8045 | D:12     | Killed a green ugly thing
  8145 | D:11     | Noticed AdmiralAndromeda's ghost (journeyman DrTm)
  8227 | D:11     | Killed from afar by a gargoyle

Skill      XL: |  1  2  3  4  5  6  7  8  9 10 11 |
---------------+----------------------------------+-----
Axes           | 2 3 4 |  4.8
Dodging        | 1 2 3 4 5 6 7 |  7.3
Fighting       | 4 5 6 8 9 10 | 10.2
Armour         | 4 5 |  5.1
Spellcasting   | 2 3 5 6 |  6.2
Polearms       | 1 4 5 6 |  6.6
Necromancy     | 1 3 |  3.2
Shields        | |  3.2

Action                   |  1- 3 |  4- 6 |  7- 9 | 10-12 || total
-------------------------+-------+-------+-------+-------++-------
Melee: War axe           |   116 |   231 |   153 |       ||   500
       Spear             |       |       |   192 |   353 ||   545
Invok: Heroism           |       |       |       |     2 ||     2
       Finesse           |       |       |       |     1 ||     1
  Use: Scroll            |       |       |     4 |       ||     4
       Potion            |       |       |     1 |     4 ||     5
  Eat: Chunk             |       |     6 |     8 |     7 ||    21
       Ration            |       |       |     1 |       ||     1
Armor: Scale mail        |    62 |    13 |       |       ||    75
       Chain mail        |       |   112 |    56 |       ||   168
       Plate armour      |       |       |   136 |   211 ||   347
Dodge: Dodged            |    43 |    65 |    55 |    84 ||   247
Block: Shield            |    77 |   128 |   147 |   140 ||   492
